 Dungeon Crawl Stone Soup version 0.19.1 (webtiles) character file.

162635 nikopol the Severer (level 17, -3/154 HPs)
             Began as a Minotaur Berserker on Dec 10, 2016.
             Was the Champion of Trog.
             Slain by a spark wasp (13 damage)
             ... on level 4 of the Spider Nest.
             The game lasted 01:39:12 (30767 turns).

nikopol the Severer (Minotaur Berserker)           Turns: 30767, Time: 01:39:13

Health: -3/154     AC: 27    Str: 28    XL:     17   Next: 22%
Magic:  16/16      EV: 20    Int:  4    God:    Trog [******]
Gold:   2088       SH:  0    Dex: 22    Spells: 0 memorised, 16 levels left

rFire  + . .     SeeInvis +     a - +3 battleaxe (flame)
rCold  + . .     Gourm    +     y - +11 chain mail "Ruraibe" {rC++ Stlth-}
rNeg   . . .     Faith    .     (shield currently unavailable)
rPois  +         Spirit   .     (helmet restricted)
rElec  .         Reflect  .     k - +0 cloak
rCorr  .         Harm     .     o - +1 pair of gloves
MR     +....                    f - +1 pair of boots
Stlth  ..........               Q - amulet of the gourmand
                                i - ring of see invisible
                                F - ring of Gewkaomat {Fire *Contam rPois Str+3 Dex+8}

@: lethally poisoned (-3 -> -4), corroded
A: retaliatory headbutt, horns 2
a: Berserk, Trog's Hand, Brothers in Arms, Burn Spellbooks, Renounce Religion


You were on level 4 of the Spider Nest.
You worshipped Trog.
Trog was exalted by your worship.
You were very full.

You visited 4 branches of the dungeon, and saw 27 of its levels.

You collected 2690 gold pieces.
You spent 602 gold pieces at shops.

Inventory:

Hand Weapons
 a - a +3 battleaxe of flaming (weapon)
 z - a +3 shortbow of freezing
 C - a +7 executioner's axe of flaming
Missiles
 h - 314 arrows (quivered)
Armour
 b - a +2 scale mail of positive energy
 f - a +1 pair of boots (worn)
 k - a +0 cloak (worn)
 o - a +1 pair of gloves (worn)
 y - the +11 chain mail "Ruraibe" (worn) {rC++ Stlth-}
   (You found it on level 4 of the Dungeon)

   It greatly protects you from cold.
   It makes you less stealthy.
Jewellery
 e - an uncursed ring of protection from cold
 g - an uncursed ring of fire {unknown}
 i - a ring of see invisible (right hand)
 l - a cursed amulet of inaccuracy {unknown}
 D - a +4 ring of evasion {unknown}
 F - the ring of Gewkaomat (left hand) {Fire *Contam rPois Str+3 Dex+8}
   (You found it on level 6 of the Lair of Beasts)

   [ring of fire]

   It enhances your fire magic.
   It affects your strength (+3).
   It affects your dexterity (+8).
   It protects you from fire.
   It makes you vulnerable to cold.
   It protects you from poison.
   It causes magical contamination when unequipped.
 K - an uncursed amulet of magic regeneration {unknown}
 Q - an amulet of the gourmand (around neck)
Wands
 E - a wand of heal wounds (9/9)
 L - a wand of digging (16/24)
 T - a wand of teleportation (7/9)
Scrolls
 j - 16 scrolls of remove curse
 m - 6 scrolls of teleportation
 q - 4 scrolls of identify
 s - 2 scrolls of blinking
 u - 2 scrolls of holy word
 G - 7 scrolls of enchant armour
 H - 3 scrolls of recharging
 I - 3 scrolls of enchant weapon
Potions
 n - 6 potions of curing
 v - 8 potions of heal wounds
 x - 7 potions of brilliance
 A - 3 potions of magic
 B - a potion of cancellation
 J - 3 potions of berserk rage
 M - 2 potions of resistance
 O - 4 potions of agility
 P - a potion of flight
 R - 5 potions of haste
 V - 3 potions of ambrosia
 W - a potion of might
 X - a potion of cure mutation
 Z - 2 potions of invisibility
Comestibles
 c - 22 bread rations
 d - 13 meat rations
 p - 3 royal jellies
 r - 5 beef jerkies
 t - 4 slices of pizza
 w - 12 fruits
 N - a chunk of flesh


   Skills:
 + Level 14.7 Fighting
 * Level 18.9 Axes
 * Level 17.0 Bows
 + Level 14.8 Armour
 + Level 13.9 Dodging


You had 16 spell levels left.
You didn't know any spells.

Dungeon Overview and Level Annotations

Branches:
Dungeon (15/15)            Temple (0/1) D:5            Lair (6/6) D:10
 Shoals (0/4) Lair:3       Spider (4/4) Lair:2        Slime (0/5) Lair:6
    Orc (2/2) D:12            Elf (0/3) Orc:2        Vaults (0/5) D:13
 Depths (0/5) D:15

Altars:
Cheibriados
Elyvilon
Kikubaaqudgha
Makhleb
Nemelex Xobeh
Qazlal
Ru
Sif Muna
Trog
Uskayaw
Vehumet
Xom
Yredelemnul
The Shining One

Shops:
D:5 =   D:11 [   D:15 (:***   Orc:2 (![*

Portals:
Trove: D:12 (give 19 potions of curing)


Innate Abilities, Weirdness & Mutations

You reflexively headbutt those who attack you in melee.
You have a pair of horns on your head.


Message History

* * * LOW HITPOINT WARNING * * *
The hornet stings your hill giant.
Your hill giant seems to slow down.
You feel much better. The wolf spider hits you.
* * * LOW HITPOINT WARNING * * *
The wolf spider bites you but does no damage.
The spark wasp misses you. The hornet stings your hill giant.
Your hill giant seems to slow down.
Your hill giant hits the hornet with a giant club!!!
The hornet dies!
Trog accepts your kill.
You feel sick. The wolf spider misses you. You furiously retaliate!
You headbutt the wolf spider, but do no damage.
The wolf spider misses you. The wolf spider hits your hill giant!
The wolf spider bites your hill giant but does no damage.
Your hill giant barely misses the spark wasp.
The spark wasp stings you!
* * * LOW HITPOINT WARNING * * *
The spark wasp shocks you!
You die...

##( .( ##. ## #((#.# #≈.(^ ##^(##
##.(†s## ###...Cys###
#......@...####### ## ##
#...^.......^....# ##. .##
#.###.#.......^..# ##.. ..#####
#..........[#....####... #.....##
###...†..#.....^.^##.... .##....#
#.....^...........#.... .^.#^..#
##.............#.....#.
..^^#..####.#^#.....#..#.......^.
..†..#...........#.#.......).#..#


You could see a spark wasp, 2 wolf spiders and a friendly hill giant (berserk).

Vanquished Creatures
  Saint Roka (Orc:2)
  Arachne (Spider:4)
  Rupert (D:12)
  The ghost of nikopol the Severer, a journeyman MiBe of Trog (D:15)
  3 emperor scorpions
  A ghost moth (Spider:3)
  A stone giant (Orc:2)
  2 entropy weavers
  4 dire elephants (Lair:6)
  A spark wasp (Spider:4)
  A fire dragon (D:14)
  Josephine (D:12)
  2 ogre magi (Orc:2)
  11 hydras
  A catoblepas (D:15)
  An anaconda (Lair:6)
  3 death knights
  3 centaur warriors
  The ghost of nikopol the Cleaver, a novice MiBe of Trog (D:10)
  4 death yaks (Lair:4)
  A queen ant (Lair:3)
  3 tengu warriors
  A fire crab (shapeshifter) (D:15)
  6 skeletal warriors
  3 unseen horrors
  2 deep trolls (Orc:2)
  3 orc knights
  15 hill giants
  A wizard (D:15)
  3 necromancers
  Pikel (D:9)
  A manticore (shapeshifter) (D:15)
  10 orb spiders
  27 wolf spiders
  2 wolf spider zombies
  3 cyclopes
  2 orc sorcerers (D:15)
  6 deep elf magi
  3 manticores
  6 ugly things
  A moth of wrath (Spider:4)
  5 elephants
  3 centaur zombies
  A black mamba (Lair:4)
  Joseph (D:8)
  A torpor snail (Spider:1)
  A guardian serpent (shapeshifter) (D:13)
  9 spiny frogs
  3 gargoyles
  A kobold demonologist (D:15)
  2 rime drakes
  2 freezing wraiths (D:11)
  7 komodo dragons
  14 demonic crawlers
  3 redback zombies
  An efreet (D:12)
  4 tengu conjurers
  10 trolls
  5 hornets
  5 polar bears
  26 jumping spiders
  A merfolk (D:9)
  Grinder (D:3)
  6 two-headed ogres
  8 blink frogs
  A harpy skeleton (D:12)
  6 slime creatures (D:12)
  5 dream sheep (Lair:6)
  A snapping turtle (Lair:3)
  11 hippogriffs
  81 redbacks
  A vampire (D:14)
  33 tarantellas
  3 shadows
  8 wraiths
  33 yaks
  4 wyverns
  Eustachio (D:6)
  5 basilisks
  2 vampire mosquitoes (D:13)
  4 hungry ghosts
  A fire elemental (Orc:2)
  A mottled dragon (D:13)
  9 water moccasins
  9 wargs
  20 soldier ants (Lair:3)
  19 orc warriors
  7 porcupines
  9 sky beasts
  4 ice beasts
  A black bear (D:13)
  2 eyes of draining (D:12)
  4 phantoms
  24 ogres
  6 centaurs
  19 crocodiles
  A komodo dragon zombie (Lair:5)
  A big kobold (D:7)
  An elf zombie (D:8)
  16 bullfrogs
  Blork the orc (D:5)
  A gnoll sergeant (D:8)
  A water moccasin zombie (D:7)
  3 scorpions
  A hornet simulacrum (D:14)
  7 killer bees (D:11)
  A wight (D:8)
  5 electric eels
  3 howler monkeys (D:9)
  4 crimson imps
  2 bullfrog zombies
  6 jellies
  3 centaur skeletons
  3 human zombies (D:8)
  A gnoll shaman (D:10)
  Crazy Yiuf (D:2)
  15 orc priests
  4 hounds
  A basilisk zombie (Lair:5)
  2 human skeletons (D:8)
  5 iguanas
  20 orc wizards
  29 worker ants
  A hound skeleton (D:3)
  4 hound zombies
  4 mummies (D:8)
  A worker ant zombie (D:9)
  8 gnolls
  9 adders
  A shadow imp (D:8)
  3 oozes (D:1)
  An adder skeleton (D:10)
  4 worms
  4 dart slugs
  8 leopard geckos
  109 orcs
  4 ball pythons
  5 bats
  A bat zombie (D:3)
  4 giant cockroaches
  9 goblins
  13 hobgoblins
  15 jackals
  4 quokkas
  9 frilled lizards
  14 kobolds
  12 rats
  A rat zombie (D:3)
  A plant (Lair:6)
985 creatures vanquished.

Vanquished Creatures (collateral kills)
  Azrael (Orc:2)
  A hill giant (Orc:2)
  A cyclops (Orc:2)
  4 trolls (Orc:2)
  A hornet (Spider:4)
  3 two-headed ogres (Orc:2)
  3 fire elementals (Orc:2)
  2 orc warriors (Orc:2)
  5 ogres (Orc:2)
  An orc priest (Orc:2)
  An orc wizard (Orc:2)
  3 orcs (Orc:2)
26 creatures vanquished.

Vanquished Creatures (others)
  2 slaves (D:9)
  A bullfrog (D:9)
  3 fungi (Lair:6)
  2 plants (Lair:6)
8 creatures vanquished.

Grand Total: 1019 creatures vanquished

Notes
Turn   | Place    | Note
-------+----------+-------------------------------------------
     0 | D:1      | nikopol the Minotaur Berserker began the quest for the Orb.
     0 | D:1      | Reached XP level 1. HP: 19/19 MP: 0/0
    15 | D:1      | Reached XP level 2. HP: 18/27 MP: 1/1
   220 | D:1      | Reached skill level 4 in Axes
   548 | D:1      | Reached XP level 3. HP: 33/33 MP: 2/2
   706 | D:1      | Reached ** piety under Trog
  1049 | D:2      | Reached XP level 4. HP: 35/40 MP: 3/3
  1178 | D:2      | Found a bloodstained altar of Trog.
  1492 | D:2      | Found a runed door.
  1810 | D:2      | Found a deep blue altar of Sif Muna.
  1811 | D:2      | Found a white marble altar of Elyvilon.
  1913 | D:2      | Noticed Crazy Yiuf
  1927 | D:2      | Killed Crazy Yiuf
  2050 | D:3      | Reached XP level 5. HP: 17/47 MP: 4/4
  2367 | D:3      | Noticed Grinder
  2379 | D:3      | Killed Grinder
  2379 | D:3      | Reached skill level 5 in Fighting
  2379 | D:3      | Reached skill level 5 in Axes
  2379 | D:3      | Reached XP level 6. HP: 32/56 MP: 5/5
  2391 | D:3      | Reached *** piety under Trog
  2711 | D:3      | Reached skill level 5 in Armour
  2914 | D:3      | Reached XP level 7. HP: 61/61 MP: 6/6
  2979 | D:3      | Found an ancient bone altar of Kikubaaqudgha.
  3099 | D:4      | Reached skill level 6 in Axes
  3168 | D:4      | Reached skill level 5 in Dodging
  3738 | D:4      | Got a faintly humming chain mail
  3749 | D:4      | Identified the +11 chain mail "Ruraibe" {rC++ Stlth-} (You found it on level 4 of the Dungeon)
  4197 | D:5      | Entered Level 5 of the Dungeon
  4198 | D:5      | Found a sacrificial altar of Ru.
  4199 | D:5      | Noticed Blork the orc
  4210 | D:5      | Reached **** piety under Trog
  4210 | D:5      | Reached XP level 8. HP: 70/70 MP: 7/7
  4211 | D:5      | Killed Blork the orc
  4216 | D:5      | Reached skill level 7 in Axes
  4278 | D:5      | Found Loteot's Jewellery Shoppe.
  4577 | D:5      | Found a staircase to the Ecumenical Temple.
  4885 | D:6      | Reached skill level 1 in Bows
  5023 | D:6      | Reached skill level 8 in Axes
  5357 | D:6      | Reached XP level 9. HP: 79/79 MP: 8/8
  5431 | D:6      | Noticed Eustachio
  5452 | D:6      | Killed Eustachio
  6308 | D:7      | Reached skill level 9 in Axes
  6809 | D:8      | Found a radiant altar of Vehumet.
  6829 | D:8      | Found a burning altar of Makhleb.
  6836 | D:8      | Found a sparkling altar of Nemelex Xobeh.
  6836 | D:8      | Found a hide-covered altar of Uskayaw.
  6837 | D:8      | Found a shimmering altar of Xom.
  6881 | D:8      | Found a stormy altar of Qazlal.
  6979 | D:8      | Reached ***** piety under Trog
  6983 | D:8      | Received a gift from Trog
  7134 | D:8      | Found a basalt altar of Yredelemnul.
  7155 | D:8      | Reached skill level 5 in Bows
  7270 | D:8      | Noticed Joseph
  7278 | D:8      | Killed Joseph
  7278 | D:8      | Reached XP level 10. HP: 90/90 MP: 9/9
  7280 | D:8      | Paralysed by a hornet for 2 turns
  7460 | D:9      | Reached skill level 10 in Axes
  7525 | D:9      | Noticed Pikel
  7539 | D:9      | Killed Pikel
  7564 | D:9      | Found a white marble altar of Elyvilon.
  7592 | D:9      | Received a gift from Trog
  7871 | D:9      | Found a snail-covered altar of Cheibriados.
  8004 | D:10     | Entered Level 10 of the Dungeon
  8004 | D:10     | Noticed a hill giant
  8151 | D:10     | Found a large runed door.
  8151 | D:10     | Noticed a hill giant
  8160 | D:10     | Killed a hill giant
  8160 | D:10     | Reached skill level 11 in Axes
  8341 | D:10     | Found a large runed door.
  8383 | D:10     | Noticed nikopol's ghost (novice MiBe)
  8403 | D:10     | Killed nikopol's ghost
  8403 | D:10     | Reached XP level 11. HP: 97/97 MP: 10/10
  8430 | D:10     | Found a large runed door.
  8431 | D:10     | Found a large runed door.
  8467 | D:10     | Noticed a hill giant
  8467 | D:10     | Noticed a centaur warrior
  8478 | D:10     | Killed a hill giant
  8486 | D:10     | Killed a centaur warrior
  8746 | D:10     | Received a gift from Trog
  8771 | D:10     | Killed a hill giant
  8812 | D:10     | Found a staircase to the Lair.
  8869 | D:10     | Noticed a centaur warrior
  8880 | D:10     | Killed a centaur warrior
  8880 | D:10     | Reached skill level 12 in Axes
  9099 | D:10     | Reached skill level 10 in Fighting
  9434 | D:11     | Noticed a five-headed hydra
  9512 | D:11     | Reached skill level 10 in Armour
  9518 | D:11     | Noticed a death knight
  9536 | D:11     | Killed a death knight
  9542 | D:11     | Noticed a hill giant
  9546 | D:11     | Received a gift from Trog
  9553 | D:11     | Killed a hill giant
  9618 | D:11     | Noticed a cyan ugly thing
  9623 | D:11     | Killed a cyan ugly thing
  9737 | D:11     | Noticed a hill giant
  9742 | D:11     | Killed a hill giant
  9742 | D:11     | Reached XP level 12. HP: 83/106 MP: 11/11
  9757 | D:11     | Killed a three-headed hydra
  9942 | D:11     | Reached skill level 10 in Bows
 10031 | D:11     | Noticed a four-headed hydra
 10045 | D:11     | Killed a four-headed hydra
 10045 | D:11     | Reached skill level 13 in Axes
 10242 | D:11     | Found Aboaca's Armour Boutique.
 10560 | Lair:1   | Entered Level 1 of the Lair of Beasts
 11443 | Lair:2   | Found a stormy altar of Qazlal.
 11642 | Lair:2   | Reached skill level 10 in Dodging
 12004 | Lair:2   | Received a gift from Trog
 12216 | Lair:2   | Found a hole to the Spider Nest.
 12610 | Lair:3   | Noticed a seven-headed hydra
 12623 | Lair:3   | Killed a four-headed hydra
 12623 | Lair:3   | Reached skill level 14 in Axes
 12623 | Lair:3   | Reached XP level 13. HP: 116/116 MP: 12/12
 12746 | Lair:3   | Received a gift from Trog
 13131 | Lair:3   | Found a staircase to the Shoals.
 14212 | Lair:4   | Received a gift from Trog
 15422 | Lair:5   | Reached skill level 15 in Axes
 15772 | Lair:6   | Entered Level 6 of the Lair of Beasts
 16051 | Lair:6   | Found a staircase to the Slime Pits.
 16308 | Lair:6   | Reached XP level 14. HP: 126/126 MP: 13/13
 17096 | Lair:6   | Got a faintly glowing amber ring
 17109 | Lair:6   | Identified the ring of Gewkaomat {Fire *Contam rPois Str+3 Dex+8} (You found it on level 6 of the Lair of Beasts)
 17529 | D:12     | Noticed Josephine
 17541 | D:12     | Killed Josephine
 17541 | D:12     | Received a gift from Trog
 17984 | D:12     | Noticed Rupert
 18019 | D:12     | Paralysed by Rupert for 3 turns
 18024 | D:12     | Killed Rupert
 18275 | D:12     | Received a gift from Trog
 18762 | D:12     | Reached skill level 16 in Axes
 19032 | D:12     | Reached ****** piety under Trog
 19203 | D:12     | Found a staircase to the Orcish Mines.
 19477 | D:12     | Found a portal to a secret trove of treasure.
 19562 | Orc:1    | Entered Level 1 of the Orcish Mines
 19565 | Orc:1    | Received a gift from Trog
 19567 | Orc:1    | Found a radiant altar of Vehumet.
 20151 | Orc:2    | Entered Level 2 of the Orcish Mines
 20349 | Orc:2    | Noticed Saint Roka
 20369 | Orc:2    | Received a gift from Trog
 20375 | Orc:2    | Killed Saint Roka
 20847 | Orc:2    | Found a staircase to the Elven Halls.
 20940 | Orc:2    | Noticed Azrael
 20945 | Orc:2    | Reached XP level 15. HP: 113/135 MP: 14/14
 20951 | Orc:2    | Killed Azrael
 21385 | Orc:2    | Received a gift from Trog
 21528 | Orc:2    | Found Mismumoc's Distillery.
 21530 | Orc:2    | Found Booruuqi's Assorted Antiques.
 21553 | Orc:2    | Found Ranouh's Weapon Emporium.
 21572 | Orc:2    | Found Geonkata's Armour Shop.
 22057 | D:13     | Received a gift from Trog
 22849 | D:13     | Found a gate to the Vaults.
 23461 | D:14     | Got a polished hand axe
 23462 | D:14     | Identified the +0 hand axe of Hard Scrabble {chop, +Fly Str+5 Dex-4} (You found it on level 14 of the Dungeon)
 23485 | D:14     | Reached skill level 15 in Bows
 23564 | D:14     | Found a glowing golden altar of the Shining One.
 23635 | D:14     | Reached skill level 17 in Axes
 23994 | D:14     | Received a gift from Trog
 24522 | D:15     | Entered Level 15 of the Dungeon
 24527 | D:15     | Found Mac Jeny's Assorted Antiques.
 24552 | D:15     | Noticed nikopol's ghost (journeyman MiBe)
 24574 | D:15     | Killed nikopol's ghost
 24665 | D:15     | Found a staircase to the Depths.
 24753 | D:15     | Paralysed by an orc sorcerer for 5 turns
 25296 | D:15     | Found a snail-covered altar of Cheibriados.
 25301 | D:15     | Found Xaje's Assorted Antiques.
 25471 | D:15     | Reached XP level 16. HP: 128/145 MP: 15/15
 25553 | D:15     | Found Wuill's General Store.
 25651 | D:15     | Found Taric's Weapon Shoppe.
 25759 | D:15     | Received a gift from Trog
 25849 | D:15     | Found Jaoliule's Book Emporium.
 26022 | D:15     | Bought a faintly glowing ring mail for 252 gold pieces
 26022 | D:15     | Bought a heavily runed copper ring for 140 gold pieces
 26022 | D:15     | Bought a scroll of enchant weapon for 210 gold pieces
 26036 | D:15     | Identified the cursed +1 ring mail of the Bull {rF+ Str+2} (You bought it in a shop on level 15 of the Dungeon)
 26037 | D:15     | Identified the ring "Yfuoleut" {*Tele +Blink MR- Dex+4} (You bought it in a shop on level 15 of the Dungeon)
 26233 | Spider:1 | Entered Level 1 of the Spider Nest
 26276 | Spider:1 | Received a gift from Trog
 27311 | Spider:2 | Reached skill level 18 in Axes
 27613 | Spider:2 | Received a gift from Trog
 29023 | Spider:4 | Entered Level 4 of the Spider Nest
 29378 | Spider:4 | Noticed Arachne
 29793 | Spider:3 | Got a steaming war axe
 29794 | Spider:3 | Identified the cursed +1 war axe of Starshine {chop, +Inv rC+} (You found it on level 3 of the Spider Nest)
 29943 | Spider:4 | Reached XP level 17. HP: 103/154 MP: 16/16
 29958 | Spider:4 | Killed Arachne
 30767 | Spider:4 | Slain by a spark wasp

Skill      XL: |  1  2  3  4  5  6  7  8  9 10 11 12 13 14 15 16 17 |
---------------+----------------------------------------------------+-----
Armour         | 3 4 5 6 7 8 9 10 11 12 13 14 | 14.8
Axes           | 4 5 6 8 9 11 12 14 15 16 17 18 | 18.9
Fighting       | 4 5 6 7 8 9 10 11 12 13 14 | 14.7
Dodging        | 3 4 5 6 7 8 9 10 11 12 13 | 13.9
Bows           | 2 5 7 9 11 12 14 15 16 17 | 17.0

Action                   |  1- 3 |  4- 6 |  7- 9 | 10-12 | 13-15 | 16-18 || total
-------------------------+-------+-------+-------+-------+-------+-------++-------
Melee: Hand axe          |    86 |   170 |   197 |       |       |       ||   453
       Headbutt          |    12 |    29 |    73 |    90 |   178 |    84 ||   466
       War axe           |       |       |   124 |   229 |       |     7 ||   360
       Battleaxe         |       |       |       |   117 |   532 |   281 ||   930
 Fire: Shortbow          |       |       |   152 |   267 |  1050 |   526 ||  1995
Invok: Trog's Hand       |       |     1 |       |       |       |       ||     1
       Berserk           |       |       |     2 |     6 |     7 |       ||    15
       Burn Spellbooks   |       |       |       |     1 |     2 |     3 ||     6
       Brothers in Arms  |       |       |       |       |     1 |     1 ||     2
Evoke: Wand              |       |       |       |       |     2 |       ||     2
  Use: Scroll            |       |       |       |    17 |    20 |     4 ||    41
       Potion            |       |       |       |       |       |     1 ||     1
  Eat: Chunk             |       |     7 |    15 |    44 |    46 |    16 ||   128
Armor: Animal skin       |     5 |       |       |       |       |       ||     5
       Chain mail        |    18 |   110 |   181 |   209 |   382 |   202 ||  1102
       Ring mail         |       |       |       |       |       |    50 ||    50
Dodge: Dodged            |    36 |    84 |   153 |   248 |   513 |   458 ||  1492
